 Dungeon Crawl Stone Soup version 0.28.0-43-g3370ac3207 (webtiles) character file.

Game seed: 13852873868340624584

178 tizbic2 the Caller (level 5, -16/45 HPs)
             Began as an Ogre Summoner on Mar 8, 2022.
             Was an Initiate of Ashenzari.
             Demolished by a nameless horror (21 damage)
             ... created by miscasting Summon Lightning Spire
             ... on level 3 of the Dungeon.
             The game lasted 00:14:06 (2816 turns).

tizbic2 the Caller (Ogre Summoner)                  Turns: 2816, Time: 00:14:06

Health: -16/45     AC:  3    Str: 14    XL:     5   Next: 58%
Magic:  6/8        EV:  8    Int: 16    God:    Ashenzari [......]
Gold:   81         SH:  7    Dex:  9    Spells: 2/9 levels left

rFire   + + .      SeeInvis .   a - +0 flail
rCold   + + .      Faith    .   c - +0 kite shield
rNeg    + . .      Spirit   .   l - +0 robe
rPois   +          Reflect  .   (helmet restricted)
rElec   +          Harm     .   (no cloak)
rCorr   +          Rampage  .   (gloves unavailable)
Will    .....                   (boots unavailable)
Stlth   ++........              g - amulet of magic regeneration
HPRegen 0.15/turn               j - ring of protection from cold
MPRegen 0.51/turn               p - ring "Cosmic Suspicion" {rF+ rN+, Range, Cun} (curse)

@: resistant
A: large, unfitting armour, tough skin 1
a: Renounce Religion, Shatter the Chains


You were on level 3 of the Dungeon.
You worshipped Ashenzari.
Ashenzari was noncommittal.
You visited 1 branch of the dungeon, and saw 3 of its levels.

You collected 81 gold pieces.

Inventory:

Hand Weapons
 a - a +0 flail (weapon)
 e - a +0 hand axe
Missiles
 d - 20 stones
Armour
 c - a +0 kite shield (worn)
 l - a +0 robe (worn)
Jewellery
 g - an amulet of magic regeneration (around neck)
 j - a ring of protection from cold (left hand)
 o - a ring of positive energy
 p - the cursed ring "Cosmic Suspicion" (right hand) {rF+ rN+, Range, Cun}
   (You found it on level 3 of the Dungeon)

   [ring of protection from fire]

   rF:        It protects you from fire.
   rN:        It protects you from negative energy.
   It has a curse which improves the following skills: Ranged Combat: Slings,
   Bows, Crossbows and Throwing.
   Cunning:   Dodging and Stealth.
Wands
 i - a wand of charming (9)
Scrolls
 f - a scroll of identify
 h - a scroll of teleportation {unknown}
 n - a scroll of magic mapping {unknown}
Potions
 b - 2 potions of might
 m - a potion of degeneration {unknown}
 q - a potion of haste {unknown}
 r - a potion of mutation {unknown}


   Skills:
 + Level 1.9 Maces & Flails
 - Level 1.7(2.1) Dodging
 - Level 1.4(1.7) Stealth
 * Level 2.1 Shields
 + Level 2.6 Spellcasting
 + Level 4.8 Summonings
 * Level 0.7 Air Magic


You had 2 spell levels left.
You knew the following spells:

 Your Spells              Type           Power      Damage    Failure   Level
a - Summon Small Mammal   Summ           68%        N/A       7%          1
b - Call Imp              Summ           17%        N/A       10%         2
c - Summon Lightning Spi  Summ/Air       11%        N/A       83%         4

Your spell library contained the following spells:

 Spells                   Type           Power      Damage    Failure   Level
 Sting                    Tmut/Pois      8%         1d3       43%         1
 Poisonous Vapours        Pois/Air       6%         N/A       52%         2
 Call Canine Familiar     Summ           17%        N/A       21%         3
 Summon Guardian Golem    Hex/Summ       9%         N/A       47%         3
 Olgreb's Toxic Radiance  Pois           2%         N/A       99%         4
 Dispersal                Tloc           1%         N/A       100%        6
 Disjunction              Tloc           1%         N/A       100%        8


Dungeon Overview and Level Annotations

Branches:
Dungeon (3/15)

Altars:
Ashenzari


Innate Abilities, Weirdness & Mutations

You are too large for most types of armour.
You have tough skin. (AC +1)


Message History

You feel your power leaking away.
You hit the nameless horror.
The nameless horror is moderately damaged.
Your quokka bites the nameless horror.
Your quokka bites the nameless horror but does no damage.
You block the nameless horror's attack.
Your iron imp completely misses the nameless horror.
You barely miss the nameless horror.
The nameless horror is moderately damaged.
Your quokka bites the nameless horror but does no damage.
The nameless horror hits you!!
Ouch! That really hurt!
* * * LOW HITPOINT WARNING * * *
You feel your power leaking away.
Your iron imp hits the nameless horror but does no damage.
Your quokka bites the nameless horror but does no damage.
Send 'em back where they came from!
Your iron imp disappears in a puff of smoke!
Your quokka disappears in a puff of smoke!
The nameless horror hits you.
* * * LOW HITPOINT WARNING * * *
You feel your power leaking away.
Casting: Summon Lightning Spire (potentially lethal; 83% risk of failure)
Confirm with . or Enter, or press ? or * to list all spells.
A beastly little devil appears in a puff of flame.
Your magical contamination has completely faded away.
Your crimson imp hits the nameless horror but does no damage.
Casting: Call Imp (safe; 10% risk of failure)
Confirm with . or Enter, or press ? or * to list all spells.
Send 'em back where they came from!
Your crimson imp shudders.
Your quokka disappears in a puff of smoke!
Your crimson imp hits the nameless horror but does no damage.
Send 'em back where they came from!
Your crimson imp disappears in a puff of smoke!
You block the nameless horror's attack.
It was a potion of resistance.
You feel protected. The nameless horror hits you!!
You die...

#.##.#..#.##>............#......#
.....#....##.###########........#
#######.####.####### ##........
#.# #........## #........ #.#
#.........# #........ #.#
#.........# ##.##.... #.#
#......<..# #..#...# #.#
#.........# ##.#...# #.#
###.#.@...## #.#...# #.#.X....#
#.#...# #.#......# #.#...#
#####.#......# #.#...#
#............# #.....#
#.#[.........# ##....#
#.#..........# #....#
#.#..........# ##...#
#......†#....# #..##


You could see a nameless horror.

Vanquished Creatures
  An iguana (D:3)
  A gnoll (D:2)
  A dart slug (D:1)
  5 ball pythons
  A bat (D:1)
  2 endoplasms
  2 goblins (D:3)
  2 hobgoblins
  2 kobolds
  A frilled lizard (D:3)
  2 rats
20 creatures vanquished.

Vanquished Creatures (collateral kills)
  Jessica (D:2)
  2 gnolls (D:2)
  4 adders
  3 worms
  4 endoplasms
  A giant cockroach (D:1)
  3 hobgoblins
  2 quokkas
  2 bats (D:3)
  A frilled lizard (D:2)
  6 goblins
  A kobold (D:2)
  3 rats
33 creatures vanquished.

Vanquished Creatures (others)
  17 plants
17 creatures vanquished.

Grand Total: 70 creatures vanquished

Notes
Turn   | Place    | Note
-------+----------+-------------------------------------------
     0 | D:1      | tizbic2 the Ogre Summoner began the quest for the Orb.
     0 | D:1      | Reached XP level 1. HP: 16/16 MP: 3/3
   303 | D:1      | Reached XP level 2. HP: 22/24 MP: 5/5
   655 | D:1      | Learned a level 2 spell: Call Imp
   860 | D:1      | Reached skill level 4 in Summonings
  1133 | D:2      | Reached skill level 1 in Maces & Flails
  1133 | D:2      | Reached XP level 3. HP: 29/31 MP: 6/6
  1149 | D:2      | Reached skill level 1 in Shields
  1245 | D:2      | Noticed Jessica
  1261 | D:2      | Killed Jessica
  1262 | D:2      | Reached XP level 4. HP: 28/39 MP: 7/7
  1365 | D:2      | Learned a level 4 spell: Summon Lightning Spire
  1764 | D:2      | Reached XP level 5. HP: 45/45 MP: 8/8
  2414 | D:3      | Identified the ring of Uprocku {rF+ rN+}
  2679 | D:3      | Found a faded altar of an unknown god.
  2691 | D:3      | Prayed at the altar of an unknown god.
  2691 | D:3      | Became a worshipper of Ashenzari the Shackled
  2788 | D:3      | Noticed a nameless horror
  2798 | D:3      | HP: 2/45 [nameless horror[miscasting Summon Lightning
                  | Spire] (3)]
  2816 | D:3      | Demolished by a nameless horror

Illustrated notes

Levels and vault maps discovered:
D:1:      ncdulo_wetmaze, layout_rooms, serial_bayou_lake_a
D:2:      layout_basic, nicolae_grassy_gnolls, uniq_jessica
D:3:      layout_basic, shapermc_ecumenical_altar_venn

Skill      XL: |  1  2  3  4  5 |
---------------+----------------+-----
Summonings     | 4 |  4.8
Maces & Flails | 1 |  1.9
Shields        | 1 2 |  2.1
Dodging        | |  1.7
Stealth        | |  1.4
Spellcasting   | |  2.6
Air Magic      | |  0.7

Action                   |  1- 3 |  4- 6 || total
-------------------------+-------+-------++-------
Melee: Unarmed           |     9 |       ||     9
       Hand axe          |    40 |    26 ||    66
       Punch             |     1 |       ||     1
       Long sword        |     3 |       ||     3
       Flail             |       |    49 ||    49
 Cast: Summon Small Mamm |    23 |    14 ||    37
       Call Imp          |     6 |    12 ||    18
Invok: Curse Item        |       |     1 ||     1
  Use: Scroll            |     1 |       ||     1
       Potion            |       |     1 ||     1
 Stab: Distracted        |     1 |       ||     1
       Sleeping          |     1 |       ||     1
Armor: Robe              |    33 |    21 ||    54
Dodge: Dodged            |    25 |    25 ||    50
Block: Kite shield       |       |    21 ||    21
